PCL
REDWOOD CITY REDWOODS @ ALBUQUERQUE ISOTOPES
09/07/2023
 
TOP OF THE 1ST
Redwood City Redwoods batting - Pitching for Albuquerque Isotopes : RHP Juan Marín
Pitching: RHP Juan Marín
Batting: RHB Edgardo Gonzáles 0-0: Called Strike
0-1: Swinging Strike
0-2: Foul Ball, location: 2F
0-2: Ball
1-2: Foul Ball, location: 2F
1-2: Strikes out swinging
Batting: LHB Eduardo Alomar 0-0: Foul Ball, location: 2F
0-1: Called Strike
0-2: Foul Ball, location: 2F
0-2: Ball
1-2: Ball
2-2: DOUBLE (Line Drive, 7D) - OUT at third base trying to stretch hit.
Batting: LHB Tom Waller 0-0: SINGLE (Flyball, 9LS)
Batting: LHB Patrick Bright 0-0: Ball
1-0: SINGLE (Line Drive, 3L)
Tom Waller to second
Runner from 2nd tries for 3rd, SAFE, throw made to third
Batting: LHB Tony Warrilow 0-0: Ball
1-0: Swinging Strike
1-1: Ball
2-1: Ball
3-1: Ground out 4-3 (Groundball, 4)
Top of the 1st over - 0 run(s), 3 hit(s), 0 error(s), 2 left on base; Redwood City 0 - Albuquerque 0
BOTTOM OF THE 1ST
Albuquerque Isotopes batting - Pitching for Redwood City Redwoods : RHP Elton Johnston
Pitching: RHP Elton Johnston
Batting: RHB Adrián García 0-0: Ball
1-0: Ball
2-0: Ball
3-0: Called Strike
3-1: Swinging Strike
3-2: Strikes out swinging
Batting: LHB David Griffin 0-0: Ball
1-0: Swinging Strike
1-1: Called Strike
1-2: Foul Ball, location: 2F
1-2: Strikes out swinging
Batting: RHB Edward Young 0-0: Ball
1-0: Called Strike
1-1: DOUBLE (Groundball, 5L)
Batting: LHB Juan Carlos Sánchez 0-0: Ball
1-0: Foul Ball, location: 2F
1-1: Ball
2-1: Foul Ball, location: 2F
2-2: Foul Ball, location: 2F
2-2: Strikes out swinging
Bottom of the 1st over - 0 run(s), 1 hit(s), 0 error(s), 1 left on base; Redwood City 0 - Albuquerque 0
TOP OF THE 2ND
Redwood City Redwoods batting - Pitching for Albuquerque Isotopes : RHP Juan Marín
Batting: RHB Anastasio García 0-0: Ball
1-0: Called Strike
1-1: Ball
2-1: Ball
3-1: Foul Ball, location: 2F
3-2: Strikes out looking
Batting: LHB Juan Hernández 0-0: Called Strike
0-1: Ball
1-1: Ball
2-1: Ball
3-1: Base on Balls
Batting: RHB Fu Tse 0-0: Called Strike
0-1: Fly out, F9 (Flyball, 9D)
Batting: RHB Dan Martin 0-0: Called Strike
0-1: Ball
1-1: Ball
2-1: Ball
3-1: Base on Balls
Juan Hernández to second
Batting: RHB Edgardo Gonzáles 0-0: Called Strike
0-1: Ball
1-1: Foul Ball, location: 2F
1-2: Ball
Passed Ball!
Juan Hernández to third
Dan Martin to second
2-2: Strikes out swinging
Top of the 2nd over - 0 run(s), 0 hit(s), 0 error(s), 2 left on base; Redwood City 0 - Albuquerque 0
BOTTOM OF THE 2ND
Albuquerque Isotopes batting - Pitching for Redwood City Redwoods : RHP Elton Johnston
Batting: RHB Adrian Prouse 0-0: Called Strike
0-1: Ball
1-1: Ball
2-1: Ball
3-1: Base on Balls
Batting: LHB Donald Camp 0-0: Called Strike
0-1: Ball
1-1: Swinging Strike
1-2: Ball
2-2: Ground out U3 (Groundball, 3S)
Adrian Prouse to second
Batting: RHB Roberto Cardona 0-0: Called Strike
0-1: Ball
1-1: Called Strike
1-2: Reached on error, E4 (Groundball, 4)
Adrian Prouse to third
Batting: RHB Len Burke 0-0: Ball
1-0: Called Strike
Roberto Cardona steals 2nd base
1-1: Ball
2-1: Foul Ball, location: 2F
2-2: SINGLE (Groundball, 6M)
Adrian Prouse scores
Roberto Cardona to third
Runner from 3rd tries for Home, SAFE, no throw or cutoff
Batting: LHB Mark Vestal 0-0: Called Strike
0-1: Grounds into double play, U6-3 (Groundball, 6)
Bottom of the 2nd over - 2 run(s), 1 hit(s), 1 error(s), 0 left on base; Redwood City 0 - Albuquerque 2
TOP OF THE 3RD
Redwood City Redwoods batting - Pitching for Albuquerque Isotopes : RHP Juan Marín
Batting: LHB Eduardo Alomar 0-0: Ball
1-0: Swinging Strike
1-1: Ball
2-1: Called Strike
2-2: Fly out, F8 (Flyball, 8RM)
Batting: LHB Tom Waller 0-0: Foul Ball, location: 2F
0-1: Foul Ball, location: 2F
0-2: Ball
1-2: SOLO HOME RUN (Flyball, 9LD), Distance : 361 ft
Batting: LHB Patrick Bright 0-0: Ball
1-0: Ball
2-0: Swinging Strike
2-1: Swinging Strike
2-2: Ball
3-2: Strikes out swinging
Batting: LHB Tony Warrilow 0-0: Called Strike
0-1: Ball
1-1: Called Strike
1-2: Ball
2-2: Foul Ball, location: 2F
2-2: Ground out 4-3 (Groundball, 4)
Top of the 3rd over - 1 run(s), 1 hit(s), 0 error(s), 0 left on base; Redwood City 1 - Albuquerque 2
BOTTOM OF THE 3RD
Albuquerque Isotopes batting - Pitching for Redwood City Redwoods : RHP Elton Johnston
Batting: RHB Adrián García 0-0: Ball
1-0: Ball
2-0: Foul Ball, location: 2F
2-1: Swinging Strike
2-2: Strikes out swinging
Batting: LHB David Griffin 0-0: Called Strike
0-1: Called Strike
0-2: Ball
1-2: Strikes out swinging
Batting: RHB Edward Young 0-0: Called Strike
0-1: Foul Ball, location: 2F
0-2: Ground out 5-3 (Groundball, 56S)
Bottom of the 3rd over - 0 run(s), 0 hit(s), 0 error(s), 0 left on base; Redwood City 1 - Albuquerque 2
TOP OF THE 4TH
Redwood City Redwoods batting - Pitching for Albuquerque Isotopes : RHP Juan Marín
Batting: RHB Anastasio García 0-0: Ground out U3 (Groundball, 3S)
Batting: LHB Juan Hernández 0-0: Ground out 3-1 (Groundball, 34)
Batting: RHB Fu Tse 0-0: Ball
1-0: Ball
2-0: Fly out, F9 (Flyball, 9S)
Top of the 4th over - 0 run(s), 0 hit(s), 0 error(s), 0 left on base; Redwood City 1 - Albuquerque 2
BOTTOM OF THE 4TH
Albuquerque Isotopes batting - Pitching for Redwood City Redwoods : RHP Elton Johnston
Batting: LHB Juan Carlos Sánchez 0-0: Fly out, F8 (Flyball, 8RXD)
Batting: RHB Adrian Prouse 0-0: Ball
1-0: Foul Ball, location: 2F
1-1: Ball
2-1: Ground out 6-3 (Groundball, 6M)
Batting: LHB Donald Camp 0-0: SINGLE (Line Drive, 8LS)
Batting: RHB Roberto Cardona 0-0: Ball
1-0: Ground out 4-3 (Groundball, 4)
Bottom of the 4th over - 0 run(s), 1 hit(s), 0 error(s), 1 left on base; Redwood City 1 - Albuquerque 2
TOP OF THE 5TH
Redwood City Redwoods batting - Pitching for Albuquerque Isotopes : RHP Juan Marín
Batting: RHB Dan Martin 0-0: Ball
1-0: Ball
2-0: Called Strike
2-1: Foul Ball, location: 2F
2-2: Foul Ball, location: 2F
2-2: Foul Ball, location: 2F
2-2: Ball
3-2: Strikes out looking
Batting: RHB Edgardo Gonzáles 0-0: Called Strike
0-1: Ball
1-1: Ground out 4-3 (Groundball, 4)
Batting: LHB Eduardo Alomar 0-0: Fly out, F7 (Flyball, 7M)
Top of the 5th over - 0 run(s), 0 hit(s), 0 error(s), 0 left on base; Redwood City 1 - Albuquerque 2
BOTTOM OF THE 5TH
Albuquerque Isotopes batting - Pitching for Redwood City Redwoods : RHP Elton Johnston
Batting: RHB Len Burke 0-0: Ball
1-0: Ball
2-0: Foul Ball, location: 2F
2-1: Ball
3-1: Foul Ball, location: 2F
3-2: Foul Ball, location: 2F
3-2: Base on Balls
Batting: LHB Mark Vestal 0-0: Ball
1-0: Called Strike
1-1: Ball
2-1: Called Strike
2-2: Ground out 3-1 (Groundball, 34)
Len Burke to second
Batting: RHB Adrián García 0-0: Ball
1-0: Foul Ball, location: 2F
1-1: Ball
2-1: Foul Ball, location: 2F
2-2: Ball
3-2: DOUBLE (Line Drive, 89M)
Len Burke scores
Batting: LHB David Griffin 0-0: Ball
1-0: Called Strike
1-1: SINGLE (Line Drive, 34)
Adrián García to third
Batting: RHB Edward Young 0-0: SINGLE (Groundball, 56D)
Adrián García scores
David Griffin to second
Batting: LHB Juan Carlos Sánchez 0-0: Ball
1-0: Fly out, F7 (Flyball, 7M)
Batting: RHB Adrian Prouse 0-0: Ball
1-0: Foul Ball, location: 2F
1-1: Called Strike
1-2: Ground out 4-3 (Groundball, 34)
Bottom of the 5th over - 2 run(s), 3 hit(s), 0 error(s), 2 left on base; Redwood City 1 - Albuquerque 4
TOP OF THE 6TH
Redwood City Redwoods batting - Pitching for Albuquerque Isotopes : RHP Juan Marín
Batting: LHB Tom Waller 0-0: Called Strike
0-1: Foul Ball, location: 2F
0-2: Foul Ball, location: 2F
0-2: SINGLE (Line Drive, 34D)
Batting: LHB Patrick Bright 0-0: Ball
1-0: SINGLE (Flyball, 4MD)
Tom Waller to second
Batting: LHB Tony Warrilow 0-0: Ball
1-0: Ball
2-0: Grounds into double play, 4-6-3 (Groundball, 4)
Tom Waller to third
Batting: RHB Anastasio García 0-0: Called Strike
0-1: Ball
1-1: SINGLE (Line Drive, 4M)
Tom Waller scores
Batting: LHB Juan Hernández 0-0: Foul Ball, location: 2F
0-1: Ball
1-1: Ball
2-1: Ball
3-1: SINGLE (Groundball, 56D)
Anastasio García to second
Batting: RHB Fu Tse 0-0: Ball
1-0: Ball
2-0: Called Strike
2-1: Ball
3-1: Fly out, F8 (Flyball, 8RM)
Top of the 6th over - 1 run(s), 4 hit(s), 0 error(s), 2 left on base; Redwood City 2 - Albuquerque 4
BOTTOM OF THE 6TH
Albuquerque Isotopes batting - Pitching for Redwood City Redwoods : RHP Elton Johnston
Pitching: LHP Haywood Brown
Batting: LHB Donald Camp 0-0: Fly out, F8 (Flyball, 78M)
Pitching: RHP Lúcio Solano
Batting: RHB Roberto Cardona 0-0: Hit by Pitch
Batting: RHB Len Burke 0-0: Ball
1-0: Ball
Roberto Cardona steals 2nd base
2-0: Ball
3-0: Called Strike
3-1: Base on Balls
Batting: LHB Mark Vestal 0-0: Swinging Strike
0-1: Called Strike
0-2: Strikes out swinging
Batting: RHB Adrián García 0-0: Foul Ball, location: 2F
0-1: Ball
1-1: Foul Ball, location: 2F
1-2: Foul Ball, location: 2F
1-2: Ball
2-2: Ball
3-2: DOUBLE (Line Drive, 8LM)
Roberto Cardona scores
Len Burke to third
Len Burke scores
Batting: LHB David Griffin 0-0: Called Strike
0-1: Called Strike
0-2: Ball
1-2: Fly out, F8 (Flyball, 8RM)
Bottom of the 6th over - 2 run(s), 1 hit(s), 0 error(s), 1 left on base; Redwood City 2 - Albuquerque 6
TOP OF THE 7TH
Redwood City Redwoods batting - Pitching for Albuquerque Isotopes : RHP Juan Marín
Pitching: RHP Manny Muñóz
Batting: RHB Dan Martin 0-0: Called Strike
0-1: Ball
1-1: Ball
2-1: Swinging Strike
2-2: Strikes out swinging
Batting: RHB Edgardo Gonzáles 0-0: Ball
1-0: SOLO HOME RUN (Flyball, 78XD), Distance : 414 ft
Batting: LHB Eduardo Alomar 0-0: Ball
1-0: Called Strike
1-1: SINGLE (Groundball, 34D) (infield hit)
Batting: LHB Tom Waller 0-0: Ball
1-0: Called Strike
1-1: Swinging Strike
1-2: SINGLE (Flyball, 4MD)
Eduardo Alomar to second
Batting: LHB Patrick Bright 0-0: Ball
1-0: Ball
2-0: Ball
3-0: Base on Balls
Eduardo Alomar to third
Tom Waller to second
Batting: LHB Tony Warrilow 0-0: Foul Ball, location: 2F
0-1: Called Strike
0-2: Ball
1-2: Strikes out swinging
Batting: RHB Anastasio García 0-0: Ball
1-0: Ball
2-0: Ground out 5-3 (Groundball, 56S)
Top of the 7th over - 1 run(s), 3 hit(s), 0 error(s), 3 left on base; Redwood City 3 - Albuquerque 6
BOTTOM OF THE 7TH
Albuquerque Isotopes batting - Pitching for Redwood City Redwoods : RHP Lúcio Solano
Batting: RHB Edward Young 0-0: Swinging Strike
0-1: Ball
1-1: Foul Ball, location: 2F
1-2: Strikes out swinging
Batting: LHB Juan Carlos Sánchez 0-0: Ball
1-0: Called Strike
1-1: SOLO HOME RUN (Flyball, 9D), Distance : 370 ft
Pitching: RHP Willie McMillan
Batting: RHB Adrian Prouse 0-0: Foul Ball, location: 2F
0-1: Called Strike
0-2: Ball
1-2: Ball
2-2: Strikes out swinging
Batting: LHB Donald Camp 0-0: Called Strike
0-1: Called Strike
0-2: Ball
1-2: Strikes out swinging
Bottom of the 7th over - 1 run(s), 1 hit(s), 0 error(s), 0 left on base; Redwood City 3 - Albuquerque 7
TOP OF THE 8TH
Redwood City Redwoods batting - Pitching for Albuquerque Isotopes : RHP Manny Muñóz
Batting: LHB Juan Hernández 0-0: Swinging Strike
0-1: Ball
1-1: Ground out 3-1 (Groundball, 3)
Batting: RHB Fu Tse 0-0: Foul Ball, location: 2F
0-1: Fly out, F3 (Popup, 13)
Batting: RHB Dan Martin 0-0: Called Strike
0-1: Foul Ball, location: 2F
0-2: Ball
1-2: Ball
2-2: Foul Ball, location: 2F
2-2: Ground out 6-3 (Groundball, 56)
Top of the 8th over - 0 run(s), 0 hit(s), 0 error(s), 0 left on base; Redwood City 3 - Albuquerque 7
BOTTOM OF THE 8TH
Albuquerque Isotopes batting - Pitching for Redwood City Redwoods : RHP Willie McMillan
Batting: RHB Roberto Cardona 0-0: Swinging Strike
0-1: Ball
1-1: Ball
2-1: Ball
3-1: Called Strike
3-2: Strikes out looking
Batting: RHB Len Burke 0-0: Foul Ball, location: 2F
0-1: Ball
1-1: Fly out, F9 (Flyball, 9M)
Batting: LHB Mark Vestal 0-0: Called Strike
0-1: Called Strike
0-2: SINGLE (Groundball, 6MD)
Batting: RHB Adrián García 0-0: Called Strike
0-1: Ball
1-1: Foul Ball, location: 2F
1-2: Ball
2-2: Foul Ball, location: 2F
2-2: Ball
3-2: Base on Balls
Mark Vestal to second
Batting: LHB David Griffin 0-0: Ball
1-0: SINGLE (Line Drive, 89S)
Mark Vestal to third
Adrián García to second
Runner from 3rd tries for Home, SAFE, no throw or cutoff
Batting: RHB Edward Young 0-0: Foul Ball, location: 2F
0-1: Ball
1-1: Swinging Strike
1-2: Strikes out swinging
Bottom of the 8th over - 1 run(s), 2 hit(s), 0 error(s), 2 left on base; Redwood City 3 - Albuquerque 8
TOP OF THE 9TH
Redwood City Redwoods batting - Pitching for Albuquerque Isotopes : RHP Manny Muñóz
Batting: RHB Edgardo Gonzáles 0-0: Ground out 4-3 (Groundball, 4)
Batting: LHB Eduardo Alomar 0-0: Ball
1-0: Called Strike
1-1: Ball
2-1: Ball
3-1: Swinging Strike
3-2: SINGLE (Line Drive, 56D)
Batting: LHB Tom Waller 0-0: Called Strike
0-1: Ball
1-1: Ball
2-1: DOUBLE (Line Drive, 9LD)
Eduardo Alomar to third
Pitching: RHP Arthur Smith
Batting: LHB Patrick Bright 0-0: Ball
1-0: Ground out 6-3 (Groundball, 6)
Eduardo Alomar scores
Batting: LHB Tony Warrilow 0-0: Ball
1-0: Foul Ball, location: 2F
1-1: Ball
2-1: Called Strike
2-2: Foul Ball, location: 2F
2-2: Ball
3-2: Foul Ball, location: 2F
3-2: Fly out, F7 (Flyball, 7D)
Top of the 9th over - 1 run(s), 2 hit(s), 0 error(s), 1 left on base; Redwood City 4 - Albuquerque 8
This league is powered by Out of the Park Baseball, the baseball management simulation game for PC, Mac and Linux
Wednesday, December 2nd, 2015 - OOTP Baseball 16.8 Build 38